 Dungeon Sprint DCSS version 0.29.1-15-g9cfb28693d (webtiles) character file.

Game seed: 7276043618634175038

2255 Groucho the Imperceptible (level 9, -8/45 HPs)
             Began as a Felid Berserker on Mar 11, 2023.
             Was the Champion of Trog.
             Mangled by a wolf (9 damage)
             ... in the Dungeon (Sprint VII: "The Pits").
             The game lasted 00:03:58 (1499 turns).

Groucho the Imperceptible (Felid Berserker)         Turns: 1499, Time: 00:03:59

Health: -8/45      AC:  2    Str: 17    XL:     9   Next: 15%
Magic:  10/10      EV: 26    Int: 12    God:    Trog [******]
Gold:   0          SH:  0    Dex: 18    Spells: 8/8 levels left
                                        Lives:  0   Deaths: 2

rFire   . . .      SeeInvis +     - Unarmed
rCold   . . .      Faith    .   (shield unavailable)
rNeg    . . .      Spirit   .   (body armour unavailable)
rPois   .          Reflect  .   (helmet unavailable)
rElec   .          Harm     .   (cloak unavailable)
rCorr   .          Rampage  .   (gloves unavailable)
Will    +....      NoTele   +   (boots unavailable)
Stlth   ++++++++..              (no amulet)
HPRegen 0.15/turn               c - +3 ring of intelligence
MPRegen 0.12/turn               i - +3 ring of dexterity

@: quick
A: very small, claws 1, fangs 3, see invisible, speed 1, shaggy fur 2, stealthy
paws, no weapons or thrown items, no armour, multi-lived
a: Renounce Religion, Berserk, Trog's Hand, Brothers in Arms


You were in the Dungeon.
You worshipped Trog.
Trog was exalted by your worship.
You visited 1 branch

Inventory:

Jewellery
 c - a +3 ring of intelligence (left paw)
 i - a +3 ring of dexterity (right paw)
Scrolls
 f - a scroll of blinking
 h - a scroll of summoning
Potions
 a - 7 potions of curing
 b - 6 potions of heal wounds
 d - 4 potions of magic
 e - 3 potions of berserk rage
 g - a potion of invisibility
 j - 2 potions of haste
 k - 2 potions of resistance
 l - a potion of mutation


   Skills:
 + Level 9.0 Fighting
 + Level 11.7 Dodging
 + Level 22.7 Stealth
 * Level 12.2 Unarmed Combat


You had 8 spell levels left.
You didn't know any spells.
Your spell library was empty.

Dungeon Overview and Level Annotations

Branches:
Dungeon (1/1)

Altars:
Ashenzari
Cheibriados
Dithmenos
Elyvilon
Fedhas
Gozag
Hepliaklqana
Kikubaaqudgha
Makhleb
Nemelex Xobeh
Okawaru
Qazlal
Ru
Sif Muna
Trog
Uskayaw
Vehumet
Wu Jian
Xom
Yredelemnul
Zin
The Shining One
Jiyva
Lugonu


Innate Abilities, Weirdness & Mutations

You have sharp claws.
You have razor-sharp teeth.
You have supernaturally acute eyesight. (SInv)
You cover ground quickly. (Speed+)
You are covered in thick fur. (AC +2)
Your paws help you pounce on unaware monsters.
You are incapable of wielding weapons or throwing items.
You cannot wear armour.
You gain extra lives every three experience levels.


Message History

Trog accepts your kill.
Really walk into that cloud of freezing vapour? [Y]es or [N]o only, please.
Really walk into that cloud of freezing vapour? [Y]es or [N]o only, please.
Really walk into that cloud of freezing vapour? [Y]es or [N]o only, please.
Really walk into that cloud of freezing vapour?
Okay, then.
Unknown command.
Unknown command.
There is an open door here.
You see here a lindwurm corpse.
You open the door.
A worm and a steam dragon come into view.
A wolf comes into view.
There is an open door here. 2 wolves and a spriggan come into view.
The wolf howls! x2
The worm bites you!
The wolf howls!
The steam dragon hisses angrily.
You scratch the wolf. Your bite misses the wolf.
The wolf is lightly wounded.
The spriggan shouts!
You claw the wolf! Your bite misses the wolf.
The wolf is heavily wounded.
The wolf misses you. The steam dragon completely misses you.
The steam dragon claws you. The worm completely misses you.
The spriggan misses you.
You barely miss the wolf.
The wolf is heavily wounded.
The wolf barely misses you. The wolf bites you! The steam dragon misses you.
The steam dragon barely misses you. The wolf misses you.
You barely miss the wolf.
The wolf is heavily wounded.
The wolf closely misses you. The wolf bites you! The wolf closely misses you.
The spriggan hits you with a +0 rapier!
* * * LOW HITPOINT WARNING * * *
The worm completely misses you. The wolf bites you!
You die...

####''######
..##''#########
..##†.....#...+
..##....###.).##
..##...##.+...+.##
..##..##..##'##..##
..##..#..##...##..+
..##..#..#.....#hw#
####.÷'..+..†..h@h+
####..#..#.....#iD#
[[##..#..##...##..+
[[##..##..##'##..##
))##...##.'...+.##
))##....###...##
))##......#...+
###############


You could see a steam dragon, a spriggan, 3 wolves and a worm.

Vanquished Creatures
  A shadow wraith (D)
  A lindwurm (D)
  A guardian mummy (D)
  A tyrant leech (D)
  2 red devils (D)
  A hellwing (D)
  A vampire mosquito (D)
  A warg (D)
  2 floating eyes (D)
  2 orc warriors (D)
  2 kobold brigands (D)
  A crimson imp (D)
  A gnoll bouda (D)
  An iron imp (D)
  2 iguanas (D)
  2 orc wizards (D)
  6 gnolls (D)
  2 adders (D)
  A river rat (D)
  An ufetubus (D)
  An adder zombie (D)
  3 orcs (D)
  An endoplasm (D)
  A goblin (D)
  A quokka (D)
  A ball python simulacrum (D)
  A bat (D)
  A kobold (D)
  A quokka zombie (D)
43 creatures vanquished.

Vanquished Creatures (collateral kills)
  Urug (D)
  2 vampire mosquitoes (D)
  3 killer bees (D)
6 creatures vanquished.

Grand Total: 49 creatures vanquished

Notes
Turn   | Place    | Note
-------+----------+-------------------------------------------
     0 | D        | Groucho the Felid Berserker began the quest for the Orb.
     0 | D        | Reached XP level 1. HP: 10/10 MP: 2/2
    34 | D        | Found a bloodstained altar of Trog.
    34 | D        | Found a shimmering blue altar of Sif Muna.
    34 | D        | Found a viscous altar of Jiyva.
    34 | D        | Found a hazy altar of Hepliaklqana.
    34 | D        | Found an opulent altar of Gozag.
    35 | D        | Found a glowing golden altar of the Shining One.
    35 | D        | Found a glowing silver altar of Zin.
    35 | D        | Found a basalt altar of Yredelemnul.
    35 | D        | Found a shimmering altar of Xom.
    35 | D        | Found an ornate altar of the Wu Jian Council.
    35 | D        | Found a sacrificial altar of Ru.
    35 | D        | Found a stormy altar of Qazlal.
    35 | D        | Found an iron altar of Okawaru.
    35 | D        | Found a sparkling altar of Nemelex Xobeh.
    35 | D        | Found a burning altar of Makhleb.
    35 | D        | Found a blossoming altar of Fedhas.
    35 | D        | Found a white marble altar of Elyvilon.
    35 | D        | Found a shadowy altar of Dithmenos.
    35 | D        | Found a snail-covered altar of Cheibriados.
    37 | D        | Found a radiant altar of Vehumet.
    37 | D        | Found a corrupted altar of Lugonu.
    38 | D        | Found a hide-covered altar of Uskayaw.
    38 | D        | Found an ancient bone altar of Kikubaaqudgha.
    38 | D        | Found a broken altar of Ashenzari.
    62 | D        | Reached skill level 4 in Stealth
    72 | D        | Reached ** piety under Trog
   411 | D        | Reached skill level 6 in Stealth
   411 | D        | Reached XP level 2. HP: 14/14 MP: 3/3
   413 | D        | Reached skill level 7 in Stealth
   439 | D        | Reached skill level 8 in Stealth
   439 | D        | Reached XP level 3. HP: 6/17 MP: 4/4
   442 | D        | Reached skill level 9 in Stealth
   442 | D        | Reached *** piety under Trog
   524 | D        | Noticed a floating eye
   525 | D        | Noticed an orc warrior
   533 | D        | Paralysed by a floating eye for 3 turns
   541 | D        | Paralysed by a floating eye for 2 turns
   544 | D        | Killed a floating eye
   545 | D        | Reached skill level 14 in Stealth
   545 | D        | Reached XP level 4. HP: 21/21 MP: 5/5
   545 | D        | Reached XP level 5. HP: 24/24 MP: 6/6
   549 | D        | Reached **** piety under Trog
   550 | D        | Reached skill level 15 in Stealth
   580 | D        | Reached skill level 16 in Stealth
   583 | D        | Reached ***** piety under Trog
   588 | D        | Killed an orc warrior
   589 | D        | Reached skill level 18 in Stealth
   589 | D        | Gained mutation: You are covered in thick fur. (AC +2)
                  | [Felid growth]
   589 | D        | Reached XP level 6. HP: 27/28 MP: 7/7
   609 | D        | Reached skill level 19 in Stealth
   614 | D        | Noticed a warg
   616 | D        | Killed a warg
   617 | D        | Reached skill level 20 in Stealth
   617 | D        | Reached XP level 7. HP: 25/31 MP: 8/8
   618 | D        | Noticed a red devil
   620 | D        | Killed a red devil
   621 | D        | Reached skill level 5 in Dodging
   621 | D        | Reached skill level 5 in Unarmed Combat
   626 | D        | Reached ****** piety under Trog
   634 | D        | Noticed a red devil
   634 | D        | Noticed a guardian mummy
   639 | D        | Killed a guardian mummy
   640 | D        | Reached skill level 5 in Fighting
   640 | D        | Reached XP level 8. HP: 18/37 MP: 9/9
   641 | D        | Killed a red devil
   642 | D        | Reached skill level 21 in Stealth
  1016 | D        | Noticed a hellwing
  1022 | D        | Killed a hellwing
  1039 | D        | Noticed Urug
  1045 | D        | Slain by a vampire mosquito
  1046 | D        | Reached XP level 7. HP: 1/52 MP: 8/8
  1067 | D        | Killed a vampire mosquito
  1067 | D        | Killed Urug
  1068 | D        | Reached skill level 10 in Dodging
  1068 | D        | Reached skill level 22 in Stealth
  1068 | D        | Reached skill level 10 in Unarmed Combat
  1068 | D        | Reached XP level 8. HP: 18/40 MP: 9/9
  1098 | D        | Noticed a shadow wraith
  1109 | D        | Slain by a shadow wraith
  1110 | D        | Reached XP level 7. HP: -5/37 MP: 8/8
  1132 | D        | Noticed a tyrant leech
  1142 | D        | Killed a shadow wraith
  1143 | D        | Reached XP level 8. HP: 26/41 MP: 9/9
  1147 | D        | Killed a tyrant leech
  1472 | D        | Noticed a lindwurm
  1476 | D        | Killed a lindwurm
  1477 | D        | Reached XP level 9. HP: 45/45 MP: 10/10
  1499 | D        | HP: 1/45 [spriggan/+0 rapier (14)]
  1499 | D        | Mangled by a wolf

Illustrated notes

Levels and vault maps discovered:
D:        pitsprint [storerooms_1, entrance_room_1, metal_vault_6, armoury_3,
          mini_pit_1, grid_room_1, main_hall_1, silver_pit, the_coven_3,
          the_vestibule_1, steel_vault_3, golden_pit, hallway_of_sentries,
          crystal_vault_2, iron_vault_4, final_vault]

Skill      XL: |  1  2  3  4  5  6  7  8 |
---------------+-------------------------+-----
Stealth        | 6 8 14 18 20 22 21 | 22.7
Fighting       | 7 9 |  9.0
Dodging        | 11 9 | 11.7
Unarmed Combat | 11 12 | 12.2

Action                   |  1- 3 |  4- 6 |  7- 9 || total
-------------------------+-------+-------+-------++-------
Melee: Unarmed           |    34 |    45 |    51 ||   130
       Punch             |     2 |       |       ||     2
       Bite              |       |     8 |     2 ||    10
Invok: Berserk           |     1 |     1 |     2 ||     4
       Trog's Hand       |     1 |     1 |     2 ||     4
       Brothers in Arms  |       |       |     2 ||     2
  Use: Potion            |       |     3 |     3 ||     6
 Stab: Sleeping          |     3 |     1 |    15 ||    19
       Invisible         |       |     8 |       ||     8
Armor: Skin              |     2 |     1 |     2 ||     5
Dodge: Dodged            |    44 |    20 |    80 ||   144
